 Dungeon Crawl Stone Soup version 0.28.0-49-g6dfe1f597d (webtiles) character file.

Game seed: 2928045668426953059

16 Zeld the Insei (level 2, 0/18 HPs)
             Began as an Octopode Transmuter on May 14, 2022.
             Slain by a quokka (5 damage)
             ... on level 1 of the Dungeon.
             The game lasted 00:00:24 (252 turns).

Zeld the Insei (Octopode Transmuter)                 Turns: 252, Time: 00:00:25

Health: 0/18       AC:  1    Str:  9    XL:     2   Next: 54%
Magic:  5/5        EV: 13    Int: 15    God:
Gold:   11         SH:  0    Dex: 12    Spells: 4/5 levels left

rFire   . . .      SeeInvis .     - Unarmed
rCold   . . .      Faith    .   (no shield)
rNeg    . . .      Spirit   .   (helmet restricted)
rPois   .          Reflect  .   (no amulet)
rElec   .          Harm     .   (no ring)
rCorr   .          Rampage  .   (no ring)
Will    .....                   (no ring)
Stlth   ++........              (no ring)
HPRegen 0.06/turn               (no ring)
MPRegen 0.09/turn               (no ring)
                                (no ring)
                                (no ring)

@: no status effects
A: almost no armour, amphibious, 8 rings, camouflage 1, gelatinous body 1,
(nimble swimmer 1), tentacles
a: no special abilities


You were on level 1 of the Dungeon.
You visited 1 branch of the dungeon, and saw 1 of its levels.

You collected 11 gold pieces.

Inventory:

Scrolls
 b - a scroll of vulnerability {unknown}
Potions
 a - a potion of curing {unknown}


   Skills:
 - Level 1.0 Fighting
 + Level 2.2 Dodging
 - Level 3.0 Unarmed Combat
 * Level 2.3 Spellcasting
 * Level 2.4 Transmutations


You had 4 spell levels left.
You knew the following spells:

 Your Spells              Type           Power      Damage    Failure   Level
a - Beastly Appendage     Tmut           18%        N/A       8%          1

Your spell library contained the following spells:

 Spells                   Type           Power      Damage    Failure   Level
 Wereblood                Tmut           9%         N/A       12%         2
 Spider Form              Tmut/Pois      5%         N/A       36%         3
 Ice Form                 Ice/Tmut       5%         N/A       77%         4


Dungeon Overview and Level Annotations

Branches:
Dungeon (1/15)

Altars:


Innate Abilities, Weirdness & Mutations

You cannot wear most types of armour.
You are amphibious.
You can wear up to eight rings at the same time.
Your skin changes colour to match your surroundings (Stealth+).
Your rubbery body absorbs attacks. (AC +1, EV +1)
((You are camouflaged when in or above water. (Stealth+)))
You have tentacles for arms and can constrict up to eight enemies at once.


Message History

You pierce the goblin, but do no damage.
You constrict the goblin.
A quokka comes into view.
A goblin comes into view. It is wielding a +0 club.
The goblin closely misses you.
You closely miss the kobold.
The goblin shouts!
Your grab misses the kobold.
Your tentacle spike misses the kobold.
Your squeeze misses the kobold. You constrict the goblin.
The kobold misses you.
You tentacle-slap the kobold but do no damage.
You grab the kobold.
You pierce the kobold.
The kobold is severely wounded.
You constrict the goblin.
You kill the goblin!
You constrict the kobold, but do no damage.
The kobold hits you with a +0 short sword.
You tentacle-slap the ball python. Your grab misses the ball python.
You pierce the ball python, but do no damage.
The ball python is moderately wounded.
Your tentacle spike disappears.
You constrict the kobold.
You kill the kobold!
The ball python closely misses you. The ball python grabs you.
The ball python constricts you. The ball python closely misses you.
The ball python constricts you.
Unknown command.
You barely miss the ball python. You grab the ball python.
The ball python is moderately wounded.
You constrict the ball python. The ball python bites you.
The ball python constricts you.
* * * LOW HITPOINT WARNING * * *
You barely miss the ball python.
The ball python is severely wounded.
You constrict the ball python.
You kill the ball python!
A goblin comes into view. It is wielding a +0 dagger.
Unknown command.
The quokka bites you.
You die...

#.#.......# #.####... .##
#.#...<...# #.#.....##...
#.#.......# ####...........
#.#.#.#.#.# #............###
#.#.#####.# ...#.....8.g..
#.8.8# #8.8######.#..........
#....# #............##8.8...8
#....###....#....rg..)..._...
#.........#.#.##@####)8.....8
....................#.#....##
............#......##.#.8..#
............###..#.##.# ...#
............# #..#.##.# #.#.#
...........†###..#.##.> .. )
..........†...†..# ##.# #.
...........#####...#
...........# ####


You could see a quokka and a goblin.

Vanquished Creatures
  2 endoplasms (D:1)
  A goblin (D:1)
  3 jackals (D:1)
  A kobold (D:1)
  A quokka (D:1)
  2 ball pythons (D:1)
  2 bats (D:1)
  A frilled lizard (D:1)
  A rat (D:1)
14 creatures vanquished.

Notes
Turn   | Place    | Note
-------+----------+-------------------------------------------
     0 | D:1      | Zeld the Octopode Transmuter began the quest for the Orb.
     0 | D:1      | Reached XP level 1. HP: 13/13 MP: 3/3
   150 | D:1      | Reached XP level 2. HP: 13/18 MP: 3/5
   233 | D:1      | Found a faded altar of an unknown god.
   252 | D:1      | Slain by a quokka

Illustrated notes

Levels and vault maps discovered:
D:1:      psy_arrival_basics, layout_basic, ebering_ecumenical_altar_ruins,
          st_stairs_10, chequers_serial_rivers_small_b

Action                   || total
-------------------------++-------
Melee: Unarmed           ||    24
       Kick              ||     7
       Constrict         ||     9
       Tentacles         ||     3
       Punch             ||     1
 Cast: Beastly Appendage ||     4
Armor: Skin              ||     4
Dodge: Dodged            ||    20
